Map: Blackrock LE

Players

IlIlIlIlIlIl

  • Race: Zerg Zerg

Moja - Winner!

  • Race: Terran Terran
  • League: Grandmaster

VOD

Have the link to the VOD?

Description

Time

  • Played on: July 11, 2026, 8:07 a.m.
  • Length: 11:50
Show
View Real Time Build Order
Export as new Build Order

IlIlIlIlIlIl Zerg 

Build Orders: Hatch First 

Get SALT Encoding   

  8  0:01  Drone  
  9  0:11  Drone  
  10  0:17  Drone  
  11  0:27  Overlord  
  11  0:33  Drone  
  12  0:46  Drone x2  
  14  0:52  Drone  
  15  1:02  Drone  
  16  1:14  Hatchery  
  16  1:18  Drone  
  16  1:22  Drone  
  17  1:36  Spawning Pool  
  17  1:38  Drone  
  17  1:42  Drone  
  18  1:49  Extractor  
  18  1:51  Drone  
  18  2:01  Drone  
  19  2:20  Overlord  
  19  2:25  Queen, Spore Crawler  
  21  2:38  Drone  
  21  2:41  Overlord  
  21  2:42  Drone  
  23  2:48  Hatchery  
  23  2:51  Drone  
  23  2:53  Evolution Chamber  
  23  2:58  Drone  
  23  3:07  Queen  
  23  3:10  Drone x2  
  27  3:14  Drone  
  27  3:19  Zerg Ground Armor Level 1  
  28  3:23  Overlord  
  28  3:30  Drone x2  
  30  3:34  Drone  
  30  3:36  Metabolic Boost  
  31  3:43  Drone x2  
  33  3:49  Evolution Chamber  
  33  3:51  Drone x2  
  33  3:53  Drone  
  35  3:58  Baneling Nest  
  35  4:00  Drone x2  
  37  4:06  Queen  
  39  4:11  Drone x2  
  41  4:18  Drone x2, Overlord  
  41  4:21  Drone  
  44  4:24  Overlord  
  44  4:30  Overlord  
  44  4:35  Spore Crawler  
  44  4:37  Extractor  
  42  4:38  Spore Crawler  
  42  4:39  Zergling x6  
  42  4:40  Zergling x2  
  46  4:50  Spore Crawler  
  46  4:52  Drone x6  
  39  5:08  Drone x6  
  44  5:20  Drone x6  
  48  5:24  Zerg Melee Weapons Level 1  
  48  5:30  Drone x2  
  48  5:31  Drone x2  
  47  5:50  Zergling x20  
  57  5:59  Zergling x10  
  57  6:04  Overlord  
  62  6:07  Overlord  
  62  6:13  Overlord, Zergling x2  
  62  6:17  Zergling x8  
  67  6:23  Baneling x10  
  66  6:31  Queen  
  66  6:39  Zergling x20  
  73  6:44  Baneling x2  
  67  6:56  Drone x7  
  67  6:59  Queen  
  73  7:13  Drone x5  
  76  7:21  Lair  
  76  7:27  Drone  
  76  7:28  Drone x3  
  80  7:30  Hatchery  
  79  7:44  Drone x7  
  79  7:48  Overlord  
  79  7:50  Overlord x2  
  86  7:59  Extractor  
  86  8:01  Extractor, Evolution Chamber  
  86  8:02  Extractor x2  
  86  8:03  Extractor  
  80  8:15  Drone x12  
  80  8:17  Overlord  
  80  8:18  Overlord  
  91  8:24  Spire  
  90  8:36  Zergling x10  
  96  8:41  Zergling x12  
  101  8:48  Zerg Ground Armor Level 2  
  101  8:49  Zerg Melee Weapons Level 2  
  101  8:56  Drone x6  
  101  8:57  Drone x2  
  101  9:00  Baneling x6  
  109  9:02  Centrifugal Hooks  
  109  9:04  Spore Crawler  
  109  9:07  Spore Crawler  
  107  9:16  Drone x5  
  112  9:17  Overlord x7  
  99  10:04  Drone x6  
  99  10:05  Drone x5  
  99  10:06  Zergling x2  
  112  10:07  Zergling x20  
  112  10:13  Hatchery  
  119  10:17  Mutalisk x4  
  127  10:22  Infestation Pit, Baneling x9, Mutalisk  
  127  10:23  Mutalisk x3  
  127  10:26  Extractor x2  
  119  10:38  Mutalisk x3  
  119  10:40  Zergling x12, Hatchery  
  119  10:59  Overseer  
  119  11:06  Zergling x20  
  119  11:07  Zergling x2  
  130  11:13  Zergling x2  
  130  11:14  Zergling x6  
  127  11:32  Baneling x3  
Show
View Real Time Build Order
Export as new Build Order

Moja Terran - Winner!

Build Orders: Hellion Banshee 

Get SALT Encoding   

  8  0:00  SCV  
  9  0:12  SCV  
  10  0:24  SCV  
  11  0:29  Supply Depot  
  11  0:36  SCV  
  12  0:48  SCV  
  13  0:53  Barracks  
  13  1:01  SCV  
  14  1:13  SCV  
  15  1:25  SCV  
  16  1:39  Orbital Command  
  16  1:40  Marine  
  17  1:51  Command Center  
  17  1:57  Marine  
  18  2:03  Refinery  
  18  2:05  SCV  
  19  2:10  Refinery  
  19  2:17  SCV  
  19  2:20  Supply Depot  
  20  2:29  SCV  
  21  2:41  Marine, SCV  
  23  2:49  Factory  
  23  2:53  SCV  
  24  3:00  Barracks Reactor  
  24  3:03  Orbital Command  
  24  3:07  Bunker, SCV  
  25  3:19  SCV  
  26  3:29  SCV  
  26  3:31  SCV  
  28  3:35  Starport  
  28  3:40  Hellion x2  
  32  3:41  SCV  
  32  3:43  SCV  
  32  3:46  Barracks Tech Lab  
  34  3:49  Supply Depot  
  34  3:53  SCV  
  35  3:55  SCV  
  35  3:57  Supply Depot  
  35  4:02  Hellion x2  
  40  4:06  SCV  
  40  4:08  SCV  
  42  4:16  Cloaking Field  
  42  4:17  Banshee  
  42  4:18  SCV  
  42  4:20  SCV  
  42  4:23  Supply Depot  
  47  4:28  Hellion  
  47  4:29  Hellion  
  51  4:33  SCV x2  
  51  4:35  Barracks Tech Lab  
  53  4:45  SCV x2  
  55  5:01  SCV x2  
  49  5:09  Banshee  
  49  5:10  Stimpack  
  49  5:13  SCV x2  
  54  5:16  Command Center  
  50  5:21  Barracks  
  50  5:25  SCV x2  
  52  5:29  Factory Reactor, Refinery  
  52  5:30  Refinery  
  52  5:33  Barracks  
  52  5:37  SCV x2  
  54  5:45  Engineering Bay  
  54  5:46  Engineering Bay  
  54  5:49  SCV x2  
  56  6:01  Barracks, SCV x2  
  56  6:03  Starport Reactor  
  58  6:04  Supply Depot  
  58  6:05  Barracks  
  58  6:08  Marine  
  58  6:10  Marine x2  
  61  6:12  Terran Infantry Weapons Level 1  
  61  6:13  Terran Infantry Armor Level 1, SCV x2  
  61  6:18  Siege Tank  
  66  6:26  SCV  
  67  6:35  Marine x3  
  67  6:36  Orbital Command  
  67  6:37  SCV  
  67  6:38  Marine x2, SCV  
  74  6:53  Marine  
  64  6:55  Marine x2  
  64  6:56  Marine  
  64  6:57  Barracks Reactor x2  
  64  6:58  Medivac x2  
  67  7:06  SCV x3  
  53  7:10  Combat Shield, Marine  
  53  7:11  Siege Tank  
  57  7:18  SCV x2  
  57  7:19  SCV  
  57  7:20  Marine  
  61  7:28  Marine x2  
  63  7:30  SCV x2  
  63  7:31  SCV  
  63  7:34  Marine x2  
  68  7:41  Marine x2  
  68  7:42  SCV  
  71  7:46  Supply Depot  
  71  7:47  Supply Depot  
  71  7:50  Supply Depot  
  71  7:56  Armory  
  71  8:05  Marine  
  71  8:06  Marine  
  71  8:08  SCV x2  
  71  8:12  Orbital Command, Supply Depot, Marine  
  73  8:13  Marine x3, Supply Depot  
  73  8:14  SCV  
  78  8:20  SCV  
  78  8:22  Marine x2  
  78  8:23  Marine  
  78  8:24  Siege Tank  
  78  8:26  SCV  
  86  8:32  SCV  
  86  8:33  Marine x3  
  86  8:34  Marine  
  91  8:37  SCV  
  91  8:38  SCV  
  97  8:43  Terran Infantry Weapons Level 2  
  97  8:44  Terran Infantry Armor Level 2, SCV  
  94  8:50  SCV, Marine x4  
  94  8:51  SCV  
  100  8:58  Marine x3  
  100  8:59  Siege Tank  
  100  9:00  SCV  
  100  9:02  SCV  
  108  9:04  Supply Depot  
  108  9:05  SCV, Supply Depot  
  108  9:08  Marine  
  110  9:12  SCV  
  110  9:14  Terran Vehicle Weapons Level 1  
  111  9:18  Supply Depot  
  111  9:26  SCV  
  111  9:28  Marine x9  
  121  9:32  SCV, Supply Depot  
  122  9:45  Marine  
  122  9:46  Marine  
  122  9:47  Marine x2  
  122  9:48  Marine x2  
  122  9:50  Marine x2  
  122  9:52  Siege Tank  
  132  10:02  Marine  
  132  10:03  Marine, SCV  
  132  10:04  SCV  
  132  10:05  Supply Depot  
  136  10:07  Supply Depot, Medivac x2  
  136  10:11  Marine x2  
  136  10:12  Marine x2, Supply Depot  
  131  10:39  Marine x8  
  131  10:41  Siege Tank, Medivac x2  
  146  10:43  SCV  
  146  10:45  Command Center  
  147  10:53  Marine  
  142  10:57  Marine x2  
  142  11:01  Marine  
  142  11:04  SCV x3  
  148  11:21  Marine x2  
  148  11:22  Marine x4  
  155  11:28  Marine x2  
  155  11:30  Marine  
Tags
 
Composition
Hellion Banshee
Matchup
TvZ
Player
Moja
Add a new tag
Caveats
  • Supply blocks, unpowered buildings, or Contaminate may cause inaccurate times.
  • Supply counts are checked every 10 seconds.